AoeStats
← Arlechinno

Arabia

509404892Analyzed
1v1 RM · 7d ago on Sep 26, 2026· 28m 7s· 2 players
Game mode
Random Map
Map size
Tiny (2 player)
Population
200
Speed
Normal
Resources
Standard
Victory
Conquest
Starting age
Dark Age
Ending age
Imperial Age
RankedLock teamsTeams togetherTeam positionsShared explorationLock speedFull tech treeHidden civsTurbo modeCheats
Victory
Defeat
🇭🇰 Ethiopians · Hong Kong SAR China
1813
+10
🇦🇷 Mongols · Argentina
1688
-10
幾花丹色™
7:57 Loom
10:52 Feudal Age
11:05 Man-at-Arms
11:52 Double-Bit Axe
16:49 Fletching
21:24 Castle Age
19:51 Horse Collar
20:22 Padded Archer Armor
21:03 Gold Mining
21:25 Crossbowman
22:07 Bodkin Arrow
23:50 Bow Saw
26:35 Scale Barding Armor
27:48 Chain Barding Armor
Arlechinno
5:54 Loom
6:14 Loom
8:14 Feudal Age
8:56 Double-Bit Axe
16:01 Fletching
17:57 Town Watch
19:05 Wheelbarrow
19:27 Padded Archer Armor
23:16 Castle Age
21:37 Horse Collar
Connection lost

Rejoining the realm…

Still unreachable

The connection could not be restored.

Session expired

The server has moved on; the page needs a fresh start.